 Dungeon Crawl Stone Soup version 0.32-a0-7-ge934b4519a (webtiles) character file.

Game seed: 11427619548120673075

8060 Bigguns186 the Grappler (level 11, -3/90 (91) HPs)
             Began as a Minotaur Monk on Jan 14, 2024.
             Shot with an arrow by a centaur (5 damage)
             ... on level 11 of the Dungeon.
             The game lasted 00:44:44 (11419 turns).

Bigguns186 the Grappler (Minotaur Monk)            Turns: 11419, Time: 00:44:44

HP:   -3/90 (91)    AC: 18    Str: 18    XL:     11   Next: 4%
MP:   10/10         EV:  8    Int:  7    God:
Gold: 565           SH:  0    Dex: 15    Spells: 10/10 levels left

rFire   . .          .
                       - Unarmed
rCold   . . .        c - orb {light}
rNeg    . . .        x - +0 plate armour
rPois   .            (helmet restricted)
rElec   .            J - scarf {repulsion}
rCorr   .            (no gloves)
SInv    .            i - +2 pair of boots
Will    .....        (no amulet) Stlth
                     s - ring of flight
HPRegen 0.35/turn    (no ring)
MPRegen 0.12/turn

%: repel missiles
@: flying, glowing, lightly drained
A: horns 2, retaliatory headbutt
a: no special abilities


You were on level 11 of the Dungeon.
You visited 1 branch of the dungeon, and saw 11 of its levels.

You collected 565 gold pieces.

Inventory:

Hand Weapons
 B - a +2 flail of protection
 E - a +7 war axe
Armour
 c - an orb of light (worn)
 i - a +2 pair of boots (worn)
 x - a +0 plate armour (worn)
 A - a +0 cloak
 J - a scarf of repulsion (worn)
Jewellery
 s - a ring of flight (left hand)
 G - a ring of positive energy
Wands
 v - a wand of mindburst (21)
 y - a wand of iceblast (10)
 M - a wand of flame (7)
Scrolls
 e - 17 scrolls of identify {unknown}
 k - 2 scrolls of enchant armour {unknown}
 l - 4 scrolls of fog {unknown}
 m - 3 scrolls of teleportation {unknown}
 n - 2 scrolls of blinking {unknown}
 p - a scroll of fear {unknown}
 u - 3 scrolls of vulnerability {unknown}
 z - 2 scrolls of poison {unknown}
 C - a scroll of amnesia {unknown}
 D - 2 scrolls of enchant weapon {unknown}
 F - a scroll of revelation {unknown}
Potions
 b - a potion of cancellation {unknown}
 d - 2 potions of enlightenment {unknown}
 f - 2 potions of invisibility {unknown}
 g - a potion of magic {unknown}
 j - 3 potions of haste {unknown}
 o - a potion of heal wounds {unknown}
 q - 2 potions of degeneration {unknown}
 r - 6 potions of curing {unknown}
 t - 4 potions of berserk rage {unknown}
 w - a potion of brilliance {unknown}
 H - a potion of mutation {unknown}
 I - a potion of resistance {unknown}
 K - a potion of attraction {unknown}
 L - a potion of lignification {unknown}


   Skills:
 + Level 6.8 Fighting
 + Level 10.3 Armour
 + Level 5.4 Dodging
 + Level 2.0 Stealth
 + Level 14.5 Unarmed Combat


You had 10 spell levels left.
You didn't know any spells.
Your spell library contained the following spells:

 Spells                   Type           Power      Damage    Failure   Level
 Lesser Beckoning         Tloc           0%         N/A       100%        2
 Gell's Gravitas          Tloc           0%         N/A       100%        3
 Teleport Other           Tloc           0%         N/A       100%        3


Dungeon Overview and Level Annotations

Branches:
Dungeon (11/15)            Temple (0/1) D:7            Lair (0/5) D:8
    Orc: D:9-12

Altars:
Ashenzari
Nemelex Xobeh
Ru
Sif Muna
Trog
Uskayaw
Vehumet
Wu Jian
Xom
Yredelemnul
Zin

Shops:
D:10 :

Annotations:
D:8 2 transporters
D:10 6 transporters


Innate Abilities, Weirdness & Mutations

You have a pair of horns on your head.
You reflexively headbutt those who attack you in melee.


Message History

You hear a shout! x3; You hear an angry hiss.
You hear a shout!
You pummel the acid dragon!!
You kill the acid dragon!
An orc priest comes into view. It is wielding a +0 war axe.
An orc comes into view. It is wielding a +0 morningstar.
A centaur comes into view.
The centaur shoots an arrow.
The arrow barely misses you.
A gnoll comes into view. It is wielding a +0 whip.
The centaur wields a +0 shortbow.
The centaur shoots an arrow.
The arrow hits you but does no damage.
You see here 9 gold pieces.
Found 21 gold pieces.
The centaur shoots an arrow.
The arrow barely misses you.
The centaur shoots an arrow.
The arrow closely misses you.
The centaur shoots an arrow.
The arrow hits you but does no damage.
The centaur shoots an arrow.
The arrow hits you.
* * * LOW HITPOINT WARNING * * *
The orc priest attacks as it pursues you!
The orc priest barely misses you. You furiously retaliate!
You headbutt the orc priest.
As you read the scroll labelled XIOCUA YNISOMU, it crumbles to dust.
The creatures around you are filled with an inner flame!
It was a scroll of immolation.
A centaur comes into view.
The centaur shoots an arrow.
The arrow hits you but does no damage.
The centaur shoots an arrow.
The arrow hits you.
* * * LOW HITPOINT WARNING * * *
The centaur wields a +0 orcbow.
The centaur shoots an arrow.
The arrow hits you.
* * * LOW HITPOINT WARNING * * *
An orc priest comes into view. It is wielding a +0 club.
The orc priest looks braver for a moment.
The centaur unwields a +0 shortbow.
The centaur hits you but does no damage.
The centaur kicks you.
* * * LOW HITPOINT WARNING * * *
Found a stone staircase leading down.
The centaur shoots an arrow.
The arrow hits you!
* * * LOW HITPOINT WARNING * * *
The centaur shoots an arrow.
The arrow hits you.
You die...

>. .# #.# # .$ ..
##.# ##.# #..
....###.#
#......@#
.....#..###
...#.cco..#######
........#.c......
....o.......#####
o..o...<..c......
##...#....c.####.
#o..#...?..#
..g...$.........


You could see 4 centaurs, 3 orc priests and 2 orcs.

Vanquished Creatures
  A centaur warrior (D:7)
  A manticore (D:7)
  Joseph (D:8)
  A komodo dragon (D:7)
  Psyche (D:10)
  A rime drake (D:8)
  2 trolls (D:9)
  Grinder (D:4)
  Sigmund (D:5)
  A shadow (D:10)
  2 wyverns
  Edmund (D:6)
  An acid dragon (D:11)
  Duvessa (D:6)
  4 water moccasins
  2 black bears (D:7)
  2 orc warriors
  2 ice beasts (D:8)
  3 ogres
  4 wolves (D:8)
  8 bullfrogs
  Blork the orc (D:6)
  3 scorpions
  12 wights
  Dowan (D:6)
  9 killer bees (D:9)
  7 hounds
  A jelly (D:6)
  A bombardier beetle (D:6)
  5 orc priests
  2 gnoll boudas (D:7)
  A sleepcap (D:5)
  Ijyb (D:5)
  8 iguanas
  6 orc wizards
  5 gnolls
  4 adders
  2 shadow imps
  3 white imps
  2 ufetubi (D:5)
  A dart slug (D:2)
  4 ribbon worms (D:6)
  28 orcs
  5 bats
  7 endoplasms
  2 giant cockroaches
  7 goblins
  6 hobgoblins
  3 jackals (D:2)
  6 kobolds
  4 quokkas
  5 ball pythons
  2 frilled lizards (D:1)
  6 rats
201 creatures vanquished.

Notes
Turn   | Place    | Note
-------+----------+-------------------------------------------
     0 | D:1      | Bigguns186 the Minotaur Monk began the quest for the Orb.
     0 | D:1      | Reached XP level 1. HP: 19/19 MP: 0/0
    96 | D:1      | Found a faded altar of an unknown god.
   191 | D:1      | Reached XP level 2. HP: 25/27 MP: 1/1
  1197 | D:2      | Reached XP level 3. HP: 27/33 MP: 2/2
  1296 | D:2      | Reached skill level 4 in Unarmed Combat
  1658 | D:2      | Reached XP level 4. HP: 31/40 MP: 3/3
  1888 | D:3      | Reached skill level 5 in Unarmed Combat
  1943 | D:3      | Found a broken altar of Ashenzari.
  2197 | D:3      | You fall into a shaft and drop 1 floor!
  2252 | D:4      | Reached XP level 5. HP: 45/47 MP: 4/4
  2270 | D:4      | Found a glowing silver altar of Zin.
  2295 | D:4      | Reached skill level 1 in Stealth
  2303 | D:4      | Found an ornate altar of the Wu Jian Council.
  2438 | D:4      | Noticed Grinder
  2447 | D:4      | Paralysed by Grinder for 4 turns
  2456 | D:4      | Paralysed by Grinder for 3 turns
  2470 | D:4      | Killed Grinder
  2471 | D:4      | Reached skill level 6 in Unarmed Combat
  2471 | D:4      | Reached XP level 6. HP: 27/53 MP: 5/5
  2798 | D:4      | Reached skill level 7 in Unarmed Combat
  2803 | D:4      | Reached XP level 7. HP: 46/60 MP: 6/6
  3320 | D:5      | Entered Level 5 of the Dungeon
  3384 | D:5      | Reached skill level 1 in Armour
  3384 | D:5      | Reached skill level 5 in Dodging
  3390 | D:5      | Found a shimmering blue altar of Sif Muna.
  3422 | D:5      | Found a shimmering altar of Xom.
  3605 | D:5      | Reached skill level 8 in Unarmed Combat
  3616 | D:5      | Noticed Ijyb
  3629 | D:5      | Killed Ijyb
  3903 | D:5      | Reached XP level 8. HP: 47/67 MP: 7/7
  4099 | D:5      | Noticed Sigmund
  4106 | D:5      | Killed Sigmund
  4107 | D:5      | Reached skill level 9 in Unarmed Combat
  4138 | D:5      | Found a basalt altar of Yredelemnul.
  4570 | D:6      | Noticed Edmund
  4584 | D:6      | Killed Edmund
  4585 | D:6      | Reached skill level 5 in Fighting
  4661 | D:6      | Found a sparkling altar of Nemelex Xobeh.
  4662 | D:6      | Noticed Blork the orc
  4673 | D:6      | Killed Blork the orc
  4674 | D:6      | Reached skill level 5 in Armour
  4674 | D:6      | Reached skill level 10 in Unarmed Combat
  5002 | D:6      | Reached XP level 9. HP: 69/73 MP: 8/8
  5112 | D:6      | Noticed Dowan
  5115 | D:6      | Noticed Duvessa
  5126 | D:6      | Killed Duvessa
  5134 | D:6      | Killed Dowan
  5135 | D:6      | Reached skill level 11 in Unarmed Combat
  6241 | D:7      | Found a bloodstained altar of Trog.
  6446 | D:7      | Found a staircase to the Ecumenical Temple.
  6771 | D:7      | Noticed a centaur warrior
  6809 | D:7      | Killed a centaur warrior
  6810 | D:7      | Reached skill level 12 in Unarmed Combat
  7000 | D:7      | Reached XP level 10. HP: 83/83 MP: 9/9
  7006 | D:7      | Noticed a manticore
  7018 | D:7      | Killed a manticore
  7252 | D:7      | Reached skill level 13 in Unarmed Combat
  7563 | D:7      | Found a sacrificial altar of Ru.
  7926 | D:8      | Noticed Joseph
  7941 | D:8      | Killed Joseph
  8690 | D:8      | Found a transporter.
  8712 | D:8      | Found a staircase to the Lair.
  8825 | D:8      | Found a transporter.
  9045 | D:9      | Reached skill level 14 in Unarmed Combat
  9613 | D:9      | Found a hide-covered altar of Uskayaw.
  9884 | D:9      | Reached skill level 10 in Armour
 10041 | D:10     | Entered Level 10 of the Dungeon
 10041 | D:10     | Found a transporter.
 10044 | D:10     | Found a transporter.
 10064 | D:10     | Found a transporter.
 10066 | D:10     | Found a transporter.
 10229 | D:10     | Found a transporter.
 10231 | D:10     | Found a transporter.
 10276 | D:10     | Noticed Psyche
 10284 | D:10     | Killed Psyche
 10773 | D:10     | Reached XP level 11. HP: 83/90 MP: 10/10
 10964 | D:10     | Found Bogg's Book Shoppe.
 10990 | D:10     | Found a radiant altar of Vehumet.
 11419 | D:11     | HP: 2/90 [centaur/arrow (11)]
 11419 | D:11     | Shot with an arrow by a centaur

Illustrated notes

Levels and vault maps discovered:
D:1:      roderic_dead_forest, layout_basic,
          shapermc_ecumenical_altar_flowoftime, glass_columns_b
D:2:      layout_loops_ring
D:3:      layout_loops_corners, mainiacjoe_overflow_boulevard,
          nicolae_hepliaklqana_monster_ancestors, amcnicky_mini_corridor_feature
D:4:      layout_basic, nicolae_wu_jian_wuxing_cycle,
          mainiacjoe_overflow_alcove_1, uniq_grinder
D:5:      kennysheep_spiral_hall, layout_rooms, mainiacjoe_overflow_24_doors,
          lemuel_tele_altar, nicolae_overflow_crystal_walls, hex_intersection,
          corexii_item_surrounded_by_moat, uniq_ijyb, uniq_sigmund
D:6:      layout_layer_cave, mainiacjoe_overflow_brackets,
          gup_sewer_entry_bubbles, serial_glass, glass_columns_a,
          glass_columns_c, minmay_door_square, uniq_blork_the_orc, uniq_duvessa,
          uniq_edmund
D:7:      nzn_winding_woodlands_stair_cross [nzn_winding_woodlands_5x15_eye,
          nzn_winding_woodlands_center_lodge,
          nzn_winding_woodlands_5x15_default,
          nzn_winding_woodlands_5x5_closed_star,
          nzn_winding_woodlands_5x5_checkerboard,
          nzn_winding_woodlands_5x15_zeroes,
          nzn_winding_woodlands_center_diamonds,
          nzn_winding_woodlands_5x15_default], layout_basic,
          trog_ov_bears_minmay, mainiacjoe_overflow_alcove_2,
          minmay_temple_entry_ruins, minivault_27, ebering_dispersal_statue_hall
D:8:      layout_gridville, hellmonk_lair_entry_icy, nicolae_diode_stairs,
          uniq_joseph
D:9:      layout_loops_ring, nicolae_uskayaw_murder_on_the_dancefloor
D:10:     layout_layer_cave, nicolae_vehumet_altar_sigil, serial_shops,
          nicolae_lakefront_shop, columned_hall_lemuel, serial_nicolae_subway,
          nicolae_sub_station_metal, nicolae_sub_station_crystal,
          nicolae_sub_station_stone, uniq_psyche
D:11:     layout_rooms, erik_orc_4, uniq_josephine

Skill      XL: |  1  2  3  4  5  6  7  8  9 10 |
---------------+-------------------------------+-----
Fighting       | 4 5 6 |  6.8
Unarmed Combat | 4 5 6 7 8 10 12 14 | 14.5
Dodging        | 4 5 |  5.4
Stealth        | 1 2 |  2.0
Armour         | 3 5 7 10 | 10.3

Action                     |  1- 3 |  4- 6 |  7- 9 | 10-12 || total
---------------------------+-------+-------+-------+-------++-------
  Melee: Unarmed           |    81 |    64 |   274 |   150 ||   569
         Headbutt          |    15 |     9 |    78 |    36 ||   138
    Use: Potion            |       |       |     1 |       ||     1
         Scroll            |       |       |       |     1 ||     1
 Armour: Robe              |    32 |    17 |       |       ||    49
         Chain mail        |       |    15 |     2 |       ||    17
         Plate armour      |       |       |   308 |   206 ||   514
  Dodge: Dodged            |    46 |    28 |    82 |    85 ||   241

Table legend: (Time is in decaauts)
 A = Elapsed time spent in this place.
 B = Non-inter-level travel time spent in this place.
 C = Inter-level travel time spent in this place.
 D = Time resting spent in this place.
 E = Time spent auto-exploring this place.
 F = Levels seen in this place.
 G = Mean time per level.
                   A        B        C        D        E       F      G
               +--------+--------+--------+--------+--------+-----+--------+
         Total |  11327 |  10880 |    447 |   2585 |   6213 |  11 | 1029.7 |
       Dungeon |  11327 |  10880 |    447 |   2585 |   6213 |  11 | 1029.7 |
               +--------+--------+--------+--------+--------+-----+--------+

Top non-repeatable levels by time:
     D:7: 1728 daAuts
     D:6: 1677 daAuts
    D:10: 1363 daAuts
     D:1: 1171 daAuts
     D:5: 1123 daAuts
     D:8: 1119 daAuts
     D:4: 1117 daAuts
     D:9: 992 daAuts
     D:2: 668 daAuts
     D:3: 350 daAuts
    D:11: 16 daAuts
